 Dungeon Crawl Stone Soup version 0.25-a0-632-g7713895 (webtiles) character file.

Game seed: 9501008656059080668, levelgen mode: deterministic

7691 BlueFish the Unseen (level 11, -7/70 HPs)
             Began as an Octopode Assassin on Mar 19, 2020.
             Was a Believer of Dithmenos.
             Mangled by a wraith (14 damage)
             ... led by Josephine
             ... on level 10 of the Dungeon.
             The game lasted 00:37:13 (11428 turns).

BlueFish the Unseen (Octopode Assassin)            Turns: 11428, Time: 00:37:14

Health: -7/70      AC:  1    Str: 10      XL:     11   Next: 19%
Magic:  5/5        EV: 21    Int: 16      God:    Dithmenos [**....]
Gold:   760        SH:  0    Dex: 20 (23) Spells: 10/10 levels left

rFire    + . .     SeeInvis +   f - +3 dagger (venom)
rCold    + + .     Gourm    .   (no shield)
rNeg     . . .     Faith    .   (helmet restricted)
rPois    +         Spirit   .   (no amulet)
rElec    +         Reflect  .   k - ring of flight
rCorr    +         Harm     .   A - ring of stealth
MR       .....                  E - +3 ring of intelligence
Stlth    ++++++++++             F - ring "Posmosto" {rElec rC+ MP-9 Dex+5 Slay+3}
HPRegen  0.21/turn              I - +3 ring of evasion
MPRegen  0.09/turn              L - ring of see invisible
                                (no ring)
                                (no ring)

@: resistant, slowed, wreathed by umbra, very slow
A: almost no armour, stealthy swim, amphibious, 8 rings, constrict 8, camouflage
1, gelatinous body 1
a: Shadow Step, Renounce Religion, Evoke Flight


You were on level 10 of the Dungeon.
You worshipped Dithmenos.
Dithmenos was pleased with you.
You were hungry.

You visited 2 branches of the dungeon, and saw 11 of its levels.
You also visited: Ossuary.

You collected 800 gold pieces.
You spent 40 gold pieces at shops.

Inventory:

Hand Weapons
 a - a +2 dagger
 e - a +0 rapier of venom
 f - a +3 dagger of venom (weapon)
 l - a +2 vampiric dagger
 m - a +2 dagger of freezing
Missiles
 b - 29 poisoned darts (quivered)
 c - 2 curare-tipped darts
Jewellery
 k - a ring of flight (left tentacle)
 A - a ring of stealth (right tentacle)
 E - a +3 ring of intelligence (on tentacle)
 F - the ring "Posmosto" (on tentacle) {rElec rC+ MP-9 Dex+5 Slay+3}
   (You found it on level 8 of the Dungeon)

   [ring of protection from cold]

   It affects your dexterity (+5).
   It affects your accuracy and damage with ranged weapons and melee attacks
   (+3).
   It protects you from cold.
   It insulates you from electricity.
   It affects your magic capacity (-9).
 I - a +3 ring of evasion (on tentacle)
 L - a ring of see invisible (on tentacle)
Wands
 p - a wand of digging (4)
 y - a wand of polymorph (7)
 C - a wand of paralysis (6)
 J - a wand of iceblast (8)
Scrolls
 h - 3 scrolls of immolation
 i - 5 scrolls of amnesia
 j - 5 scrolls of teleportation
 n - 5 scrolls of remove curse
 q - 3 scrolls of blinking
 r - 4 scrolls of fog
 z - 4 scrolls of enchant weapon
 G - 2 scrolls of identify
 K - a scroll of magic mapping
 M - a scroll of noise
Potions
 g - 3 potions of ambrosia
 o - 3 potions of heal wounds
 s - 2 potions of flight
 t - 2 potions of invisibility
 u - a potion of mutation
 v - 2 potions of lignification
 w - a potion of berserk rage
 x - a potion of brilliance
 D - a potion of curing
 H - a potion of stabbing
Comestibles
 d - 18 rations


   Skills:
 + Level 4.3 Fighting
 * Level 8.0 Short Blades
 * Level 5.9 Throwing
 * Level 6.5 Dodging
 * Level 15.4 Stealth
 * Level 4.5 Invocations


You had 10 spell levels left.
You didn't know any spells.
Your spell library was empty.

Dungeon Overview and Level Annotations

Branches:
Dungeon (10/15)            Temple (1/1) D:5            Lair (0/6) D:8
Ossuary (visited)
    Orc: D:9-12

Altars:
Ashenzari
Cheibriados
Dithmenos
Fedhas
Hepliaklqana
Kikubaaqudgha
Makhleb
Nemelex Xobeh
Okawaru
Qazlal
Ru
Sif Muna
Trog
Vehumet
Wu Jian
Xom
Yredelemnul
The Shining One

Shops:
D:6 *   D:8 *   D:10 (

Annotations:
D:6 2 transporters
D:7 2 transporters
D:10 Josephine


Innate Abilities, Weirdness & Mutations

You cannot wear most types of armour.
You are very stealthy in the water. (Stealth+)
You are amphibious.
You can wear up to eight rings at the same time.
You can use your tentacles to constrict eight enemies at once.
Your skin changes colour to match your surroundings (Stealth+).
Your rubbery body absorbs attacks. (AC +1, EV +1)


Message History

The wraith hits you. The wraith drains your vigour!
You feel as though you will be slow longer.
The wraith misses you.
You hit the wraith.
The wraith is severely damaged.
The wraith misses you. The wraith barely misses you.
You hit the wraith but do no damage. You squeeze the wraith.
The wraith is almost destroyed.
The wraith hits you!
* * * LOW HITPOINT WARNING * * *
The wraith drains your vigour!
You feel as though you will be slow longer.
The wraith hits you.
* * * LOW HITPOINT WARNING * * *
The wraith drains your vigour!
You feel as though you will be slow longer.
You hit the wraith but do no damage.
The wraith is almost destroyed.
The wraith hits you!
You die...

#....'..#.... #....####....
#########+###'#....###'#
.............#W...'....
...........W#W...#....
#..###.##..#....#####
..##..#######'##.......#
.......WW.#....#.......#
.......@[.'....#.......#
########..###.######.......#
#....####+###'### #....(###
#....#..........# #.....'..
#....#..........# +.....#..
#....#..........# #.....#..
#....########...# #.....#..
#...........##'##+##.....###
#####.......................


You could see 2 wraiths.

Vanquished Creatures
  A two-headed ogre (D:8)
  Psyche (D:8)
  Maggie (D:6)
  A komodo dragon (D:8)
  A troll (D:8)
  A slime creature (D:10)
  2 hippogriffs
  Sigmund (D:2)
  A wyvern (D:8)
  2 basilisks (D:9)
  4 hogs (D:7)
  A human (D:7)
  Eustachio (D:6)
  A hungry ghost (D:7)
  Edmund (D:4)
  Duvessa (D:4)
  2 ice beasts
  3 orc warriors
  A phantom (D:8)
  8 ogres
  A crocodile (D:9)
  3 bullfrogs
  2 elf zombies (Ossuary)
  2 wyvern zombies
  Dowan (D:4)
  4 scorpions
  8 killer bees
  4 wights
  An electric eel (D:8)
  2 crimson imps (D:9)
  A quasit (D:9)
  3 centaur zombies
  A human zombie (Ossuary)
  3 jellies
  4 hounds
  An orc priest (D:8)
  Jessica (D:2)
  A bullfrog skeleton (D:8)
  A centaur skeleton (D:4)
  2 orc wizards
  An iguana (D:9)
  Natasha (thrice) (D:3)
  5 worker ants
  3 big kobold zombies (Ossuary)
  A hound zombie (Ossuary)
  A hound skeleton (D:8)
  4 mummies (Ossuary)
  A worker ant zombie (D:7)
  8 adders
  2 shadow imps
  2 oozes
  2 adder zombies
  An adder skeleton (D:4)
  4 worms
  2 dart slugs
  8 leopard geckos
  19 orcs
  3 giant cockroaches
  A gnoll zombie (Ossuary)
  9 goblins
  5 hobgoblins
  8 jackals
  2 quokkas
  10 bats
  7 frilled lizards
  2 goblin zombies
  A jackal zombie (Ossuary)
  3 kobolds
  A kobold zombie (Ossuary)
  A leopard gecko zombie (D:5)
  A quokka skeleton (D:4)
  3 rats
  A rat zombie (D:5)
206 creatures vanquished.

Vanquished Creatures (others)
  16 plants (D:8)
16 creatures vanquished.

Grand Total: 222 creatures vanquished

Notes
Turn   | Place    | Note
-------+----------+-------------------------------------------
     0 | D:1      | BlueFish the Octopode Assassin began the quest for the Orb.
     0 | D:1      | Reached XP level 1. HP: 14/14 MP: 1/1
   277 | D:1      | Reached XP level 2. HP: 19/19 MP: 2/2
   573 | D:1      | Reached skill level 6 in Stealth
   608 | D:1      | Reached XP level 3. HP: 24/24 MP: 3/3
  1056 | D:2      | Noticed Sigmund
  1069 | D:2      | Killed Sigmund
  1069 | D:2      | Reached skill level 8 in Stealth
  1069 | D:2      | Reached XP level 4. HP: 6/29 MP: 4/4
  1069 | D:2      | Reached XP level 5. HP: 7/34 MP: 5/5
  1378 | D:2      | Noticed Jessica
  1385 | D:2      | Killed Jessica
  1385 | D:2      | Reached XP level 6. HP: 33/39 MP: 6/6
  2374 | D:3      | You fall into a shaft and drop 1 floor!
  2375 | D:4      | Noticed an orc warrior
  2549 | D:4      | Found a shimmering altar of Xom.
  2549 | D:4      | Found a shattered altar of Ashenzari.
  2550 | D:4      | Found a glowing golden altar of the Shining One.
  2572 | D:4      | Noticed Duvessa
  2572 | D:4      | Noticed Dowan
  2646 | D:4      | Reached skill level 9 in Stealth
  2713 | D:3      | Found a blossoming altar of Fedhas.
  2747 | D:3      | Noticed Natasha
  2770 | D:3      | Killed Natasha
  2825 | D:3      | Noticed Natasha
  2854 | D:3      | Killed Natasha
  2867 | D:3      | Reached XP level 7. HP: 31/45 MP: 7/7
  3190 | D:3      | Noticed Natasha
  3193 | D:3      | Killed Natasha
  3297 | D:3      | Found a glowing golden altar of the Shining One.
  3529 | D:4      | Noticed Edmund
  3536 | D:4      | Killed Edmund
  4074 | D:4      | Reached skill level 10 in Stealth
  4444 | D:4      | Killed Duvessa
  4444 | D:4      | Reached XP level 8. HP: 40/51 MP: 8/8
  4445 | D:4      | Killed Dowan
  4587 | D:5      | Entered Level 5 of the Dungeon
  4676 | D:5      | Found a sand-covered staircase.
  4685 | Ossuary  | Entered an ossuary
  4847 | Ossuary  | Reached skill level 5 in Short Blades
  5151 | D:5      | Found a staircase to the Ecumenical Temple.
  5218 | Temple   | Entered the Ecumenical Temple
  5294 | Temple   | Became a worshipper of Dithmenos the Shadowed
  5347 | D:5      | Reached skill level 11 in Stealth
  5748 | D:5      | Found a sparkling altar of Nemelex Xobeh.
  5773 | D:5      | Reached skill level 1 in Invocations
  6073 | D:6      | Noticed a kobold demonologist
  6150 | D:6      | Found Cachu's General Store.
  6175 | D:6      | Found a transporter.
  6208 | D:6      | Found a transporter.
  6215 | D:6      | Noticed Eustachio
  6235 | D:6      | Killed Eustachio
  6235 | D:6      | Reached skill level 12 in Stealth
  6235 | D:6      | Reached XP level 9. HP: 35/56 MP: 8/10
  6337 | D:6      | Noticed Maggie
  6352 | D:6      | Killed Maggie
  6621 | D:7      | Found a transporter.
  6626 | D:7      | Found a transporter.
  7244 | D:7      | Reached skill level 13 in Stealth
  7854 | D:8      | Reached * piety under Dithmenos
  7854 | D:8      | Reached skill level 5 in Throwing
  7854 | D:8      | Reached skill level 5 in Dodging
  7854 | D:8      | Reached XP level 10. HP: 23/63 MP: 12/12
  8193 | D:8      | Got a slimy wooden ring
  8199 | D:8      | Identified the ring "Posmosto" {rElec rC+ MP-9 Dex+5
                  | Slay+3} (You found it on level 8 of the Dungeon)
  8385 | D:8      | Noticed Psyche
  8400 | D:8      | Killed Psyche
  8507 | D:8      | Found Nuuh's Assorted Antiques.
  8523 | D:8      | Reached skill level 14 in Stealth
  8531 | D:8      | Bought a metallic ruby potion for 20 gold pieces
  8531 | D:8      | Bought an inky potion for 20 gold pieces
  8537 | D:8      | Noticed a two-headed ogre
  8574 | D:8      | Killed a two-headed ogre
  8953 | D:8      | Found a sacrificial altar of Ru.
  9045 | D:8      | Found a shimmering blue altar of Sif Muna.
  9166 | D:8      | Found a staircase to the Lair.
  9513 | D:9      | Got a brightly glowing jade ring
  9514 | D:9      | Identified the ring "Quetzeeg" {Fire +Inv Str+3 Stlth-}
                  | (You found it on level 9 of the Dungeon)
  9530 | D:9      | Found the +9 scales of the Dragon King {rPois rF+ rC+ MR+}
  9604 | D:9      | Reached ** piety under Dithmenos
 10173 | D:8      | Reached skill level 15 in Stealth
 10179 | D:8      | Reached XP level 11. HP: 58/69 MP: 5/14
 10360 | D:10     | Entered Level 10 of the Dungeon
 10623 | D:10     | Found a stormy altar of Qazlal.
 10997 | D:10     | Found Roiciam's Weapon Shop.
 11013 | D:10     | Noticed Josephine
 11428 | D:10     | Mangled by a wraith

Levels and vault maps discovered:
D:1:      dpeg_arrival_line_fractal, layout_basic, patterned_corridor
D:2:      layout_basic, first_ration, uniq_sigmund, uniq_jessica
D:3:      layout_loops_ring, fedhas_altar_2, nicolae_tso_carved_into_rock,
          uniq_natasha
D:4:      layout_cave_pods, chequers_temple_overflow_statue_of_worship,
          kennysheep_generic_room_3, uniq_edmund, uniq_duvessa
D:5:      layout_loops_ring, minmay_temple_entry_slanted, enter_ossuary_4,
          nemelex_dance_club_becter
D:6:      gammafunk_wand_slinger, layout_loops_cross, serial_shops,
          nicolae_shop_waterfront, uniq_eustachio, uniq_maggie
D:7:      gammafunk_steamed_eel, layout_loops_cross, grunt_livestock
D:8:      layout_basic, lemuel_blue_sif_altar, marbit_many_paths,
          david_lair_shrubbed, serial_shops, nicolae_shop_overgrown_old_shop,
          lightli_minifort, uniq_psyche
D:9:      layout_rooms, minmay_bent
D:10:     layout_gridville, serial_shops, shop, hangedman_feature_mirror,
          serial_bayou_pond_d, uniq_josephine
Temple:   regret_index_temple_sphere_string

Skill      XL: |  1  2  3  4  5  6  7  8  9 10 11 |
---------------+----------------------------------+-----
Stealth        | 6 8 9 10 12 13 15 | 15.4
Short Blades   | 3 4 5 6 7 8 |  8.0
Dodging        | 2 3 5 6 |  6.5
Throwing       | 3 4 5 |  5.9
Fighting       | 3 4 |  4.3
Invocations    | 1 3 4 |  4.5

Action                   |  1- 3 |  4- 6 |  7- 9 | 10-12 || total
-------------------------+-------+-------+-------+-------++-------
Melee: Dagger            |    54 |    65 |   278 |   219 ||   616
       Constrict         |    13 |    18 |    37 |    25 ||    93
       Tentacles         |     6 |    10 |    59 |    58 ||   133
  Use: Scroll            |     3 |     6 |    12 |     5 ||    26
       Potion            |       |       |     3 |     2 ||     5
 Stab: Sleeping          |    14 |     9 |    36 |    28 ||    87
       Distracted        |       |       |       |     2 ||     2
  Eat: Chunk             |       |     6 |    15 |     7 ||    28
       Ration            |       |       |     2 |     1 ||     3
Armor: Skin              |     5 |     2 |    15 |    12 ||    34
Dodge: Dodged            |    16 |    30 |   123 |   156 ||   325

Table legend:
 A = Non-vault XP
 B = Vault XP
 C = Vault XP percentage of total XP
 D = Non-vault monster count
 E = Vault monster count
 F = Vault count percentage of total count
                 A         B        C        D         E       F
            +---------+---------+-------+---------+---------+-------
      Total |    6209 |    4779 |  43.5 |     157 |      49 |  23.8
            +---------+---------+-------+---------+---------+-------
        D:1 |      39 |       0 |   0.0 |      22 |       0 |   0.0
        D:2 |      24 |     264 |  91.7 |       8 |       2 |  20.0
        D:3 |     199 |      35 |  15.0 |      32 |       1 |   3.0
        D:4 |     323 |     402 |  55.4 |      12 |       4 |  25.0
        D:5 |     407 |     130 |  24.2 |      20 |       4 |  16.7
        D:6 |      98 |     592 |  85.8 |       2 |       2 |  50.0
        D:7 |     682 |     975 |  58.8 |      10 |       5 |  33.3
        D:8 |    2902 |     977 |  25.2 |      28 |       6 |  17.6
        D:9 |    1179 |     732 |  38.3 |      17 |       8 |  32.0
       D:10 |     356 |     265 |  42.7 |       6 |       1 |  14.3
    Ossuary |       0 |     407 | 100.0 |       0 |      16 | 100.0
            +---------+---------+-------+---------+---------+-------
